[Event "45th FIDE Olympiad 2024"]
[Site "Budapest"]
[Date "2024.09.18"]
[Round "7.212"]
[White "Van Hoolandt, Patrick"]
[Black "Mudasir, Iqbal"]
[Result "1-0"]
[WhiteElo "2036"]
[BlackElo "2055"]
[PlyCount "43"]
[EventDate "2024.09.05"]
[EventType "team-tourn"]
[EventCountry "HUN"]
[BlackTeam "Pakistan"]
[BlackTeamCountry "PAK"]
[TimeControl "40/5400+30:1800+30"]

1. d4 d5 2. c4 c6 3. Nf3 Nf6 4. cxd5 cxd5 5. Nc3 Nc6 6. Bf4 Qa5 7. e3 Ne4 8. Qb3 e6 9. Bd3 f5 10. O-O a6 11. Rfc1 Bb4 12. a3 Bxc3 13. bxc3 O-O 14. c4 Kh8 15. cxd5 exd5 16. Ne5 Nxe5 17. Bxe5 Qd8 18. Rc7 Nf6 19. Rac1 b5 20. Qc2 g6 21. Qc6 Kg8 22. Qxa8 1-0

[Event "45th FIDE Olympiad 2024"]
[Site "Budapest"]
[Date "2024.09.18"]
[Round "7.213"]
[White "Kao, Jamison Edrich"]
[Black "Susilodinata, Andrean"]
[Result "1/2-1/2"]
[WhiteElo "2125"]
[BlackElo "2393"]
[PlyCount "130"]
[EventDate "2024.09.05"]
[EventType "team-tourn"]
[EventCountry "HUN"]
[WhiteTeam "Hong Kong, China"]
[BlackTeam "Indonesia"]
[BlackTeamCountry "INA"]
[TimeControl "40/5400+30:1800+30"]

1. e4 c6 2. d4 d5 3. e5 Bf5 4. h4 h5 5. Bd3 Bxd3 6. Qxd3 Qa5+ 7. Nd2 e6 8. Ne2 Nh6 9. O-O Qa6 10. c4 Nf5 11. Rb1 Bb4 12. b3 Nxh4 13. a3 Be7 14. Nf3 Nf5 15. Ng3 g6 16. Nxf5 gxf5 17. Bg5 Bxg5 18. Nxg5 Qxa3 19. cxd5 Qe7 20. dxc6 Nxc6 21. Nf3 Rd8 22. Rfc1 a5 23. Rc4 Rg8 24. Rd1 Rg4 25. Qe3 Rd5 26. Qh6 h4 27. Rdc1 Qf8 28. Qh7 Qg7 29. Qxg7 Rxg7 30. Rc5 Rxc5 31. Rxc5 Rg4 32. d5 exd5 33. Rxd5 Rb4 34. Rd3 b5 35. Rd6 Nb8 36. Rb6 Nd7 37. Ra6 a4 38. bxa4 Rxa4 39. Rh6 Re4 40. Rxh4 Rxh4 41. Nxh4 f4 42. Nf3 b4 43. Kf1 Ke7 44. Ke2 Ke6 45. Ng5+ Kxe5 46. Nxf7+ Kd4 47. Kd2 Nc5 48. Kc2 b3+ 49. Kb2 Kd3 50. Ne5+ Kd4 51. Nf3+ Kc4 52. Ne5+ Kb4 53. Nc6+ Ka4 54. Ne5 Ne4 55. Nd3 f3 56. gxf3 Nd2 57. f4 Kb5 58. Kc3 b2 59. Kxb2 Kc4 60. Kc2 Ne4 61. f5 Kd5 62. f4 Ng3 63. Nb4+ Kd6 64. f6 Ke6 65. Nd5 Ne4 1/2-1/2

[Event "45th FIDE Olympiad 2024"]
[Site "Budapest"]
[Date "2024.09.18"]
[Round "7.214"]
[White "Cahaya, Satria Duta"]
[Black "Lam, Daniel King Wai"]
[Result "1-0"]
[WhiteElo "2219"]
[BlackElo "2088"]
[PlyCount "65"]
[EventDate "2024.09.05"]
[EventType "team-tourn"]
[EventCountry "HUN"]
[WhiteTeam "Indonesia"]
[BlackTeam "Hong Kong, China"]
[WhiteTeamCountry "INA"]
[TimeControl "40/5400+30:1800+30"]

1. e4 c6 2. d4 d5 3. Nc3 dxe4 4. Nxe4 Nf6 5. Nxf6+ exf6 6. Bc4 Qe7+ 7. Qe2 Be6 8. Bb3 a5 9. Be3 a4 10. Bxe6 fxe6 11. Nh3 Qf7 12. O-O a3 13. b3 Na6 14. c3 Bd6 15. Bf4 Bxf4 16. Nxf4 Nc7 17. Rae1 O-O 18. Qc2 Rfe8 19. Re2 Qd7 20. Rfe1 Qd6 21. Re4 Re7 22. Nd3 b6 23. b4 Nd5 24. Qb3 Kh8 25. g3 g6 26. c4 Nc7 27. Nf4 f5 28. c5 Qd7 29. Re5 Qxd4 30. cxb6 Qxb6 31. Qc3 Kg8 32. Qc4 Rb8 33. Rb1 1-0

[Event "45th FIDE Olympiad 2024"]
[Site "Budapest"]
[Date "2024.09.18"]
[Round "7.215"]
[White "Chan, Wang Ip Boris"]
[Black "Ulhaq, Zacky Dhia"]
[Result "1/2-1/2"]
[WhiteElo "2017"]
[BlackElo "2203"]
[PlyCount "73"]
[EventDate "2024.09.05"]
[EventType "team-tourn"]
[EventCountry "HUN"]
[WhiteTeam "Hong Kong, China"]
[BlackTeam "Indonesia"]
[BlackTeamCountry "INA"]
[TimeControl "40/5400+30:1800+30"]

1. e4 e5 2. Nf3 Nc6 3. Bc4 Nf6 4. d3 Bc5 5. O-O a6 6. a4 d6 7. c3 Ba7 8. Nbd2 O-O 9. h3 h6 10. Re1 Re8 11. Nf1 Be6 12. Bb3 d5 13. exd5 Bxd5 14. Ng3 Bxb3 15. Qxb3 Qxd3 16. Be3 Bxe3 17. Rxe3 Qd5 18. Qc2 Qe6 19. Nd4 Nxd4 20. cxd4 Qd5 21. dxe5 Rxe5 22. Rd1 Qe6 23. Rde1 Rxe3 24. Rxe3 Qd7 25. Kh2 Rd8 26. Nf5 g6 27. Nxh6+ Kg7 28. Ng4 Nxg4+ 29. hxg4 Qd6+ 30. g3 Qd2 31. Re2 Qxc2 32. Rxc2 c6 33. Kg2 Rd3 34. b4 Rd4 35. b5 Rxg4 36. bxc6 bxc6 37. f4 1/2-1/2

[Event "45th FIDE Olympiad 2024"]
[Site "Budapest"]
[Date "2024.09.18"]
[Round "7.216"]
[White "Kristopher, Reynard"]
[Black "Li, Yiheng"]
[Result "1/2-1/2"]
[WhiteElo "2114"]
[BlackElo "1893"]
[PlyCount "100"]
[EventDate "2024.09.05"]
[EventType "team-tourn"]
[EventCountry "HUN"]
[WhiteTeam "Indonesia"]
[BlackTeam "Hong Kong, China"]
[WhiteTeamCountry "INA"]
[TimeControl "40/5400+30:1800+30"]

1. d4 d5 2. Nc3 Nf6 3. Bf4 e6 4. Nb5 Na6 5. e3 Be7 6. Nf3 O-O 7. Bd3 c6 8. Nc3 Nb4 9. a3 Nxd3+ 10. cxd3 Nh5 11. Bg3 Nxg3 12. hxg3 c5 13. dxc5 Bxc5 14. d4 Be7 15. O-O Bd7 16. Qe2 Qa5 17. Ne5 Rfd8 18. b4 Qb6 19. Nxd7 Rxd7 20. Na4 Qd8 21. Nc5 Rc7 22. Rfc1 Rac8 23. Qb2 b6 24. Nd3 Bd6 25. Rxc7 Rxc7 26. Rc1 Qc8 27. Rxc7 Qxc7 28. Qc1 Qc4 29. Qxc4 dxc4 30. Nb2 c3 31. Nd3 a5 32. Kf1 axb4 33. axb4 c2 34. Ke2 Bxb4 35. g4 Kf8 36. Nc1 Ke7 37. Kd3 Ba3 38. Kxc2 Bxc1 39. Kxc1 f5 40. gxf5 exf5 41. f4 Ke6 42. Kc2 Kd5 43. Kc3 h6 44. Kb4 g5 45. fxg5 hxg5 46. g3 f4 47. exf4 gxf4 48. gxf4 Kxd4 49. Kb5 Ke4 50. Kxb6 Kxf4 1/2-1/2

[Event "45th FIDE Olympiad 2024"]
[Site "Budapest"]
[Date "2024.09.18"]
[Round "7.217"]
[White "Laohawirapap, Prin"]
[Black "Asabri, Hussien"]
[Result "1-0"]
[WhiteElo "2380"]
[BlackElo "2196"]
[PlyCount "84"]
[EventDate "2024.09.05"]
[EventType "team-tourn"]
[EventCountry "HUN"]
[WhiteTeam "Thailand"]
[BlackTeam "Libya"]
[WhiteTeamCountry "THA"]
[BlackTeamCountry "LBY"]
[TimeControl "40/5400+30:1800+30"]

1. e4 e5 2. Nf3 Nc6 3. Bc4 Bc5 4. c3 Bb6 5. d4 Qe7 6. O-O Nf6 7. Bb5 O-O 8. Bxc6 bxc6 9. Nxe5 d6 10. Nc4 Qxe4 11. a4 a5 12. Re1 Qh4 13. Qf3 Be6 14. Nxb6 cxb6 15. Bf4 Bd5 16. Qg3 Qxg3 17. hxg3 Rfe8 18. Nd2 Rxe1+ 19. Rxe1 Re8 20. Re3 Rxe3 21. fxe3 Ne4 22. Nxe4 Bxe4 23. Bxd6 b5 24. axb5 cxb5 25. Kf2 f5 26. Bc7 a4 27. g4 g6 28. gxf5 gxf5 29. g4 fxg4 30. Kg3 Kf7 31. Kf4 Bf3 32. e4 h5 33. Bd8 Ke6 34. Bh4 Be2 35. d5+ Kd6 36. Ke3 Bd1 37. Kd4 Bb3 38. e5+ Kd7 39. e6+ Kd6 40. Bg3+ Ke7 41. Ke5 Bc4 42. d6+ Ke8 1-0

[Event "45th FIDE Olympiad 2024"]
[Site "Budapest"]
[Date "2024.09.18"]
[Round "7.218"]
[White "Alhassadi, Yousef A."]
[Black "Bodemar, Jonathan"]
[Result "0-1"]
[WhiteElo "2082"]
[BlackElo "2195"]
[PlyCount "74"]
[EventDate "2024.09.05"]
[EventType "team-tourn"]
[EventCountry "HUN"]
[WhiteTeam "Libya"]
[BlackTeam "Thailand"]
[WhiteTeamCountry "LBY"]
[BlackTeamCountry "THA"]
[TimeControl "40/5400+30:1800+30"]

1. e4 e6 2. d4 d5 3. Nc3 Nf6 4. e5 Nfd7 5. f4 c5 6. Nf3 Nc6 7. Be3 Be7 8. Qd2 O-O 9. dxc5 Qa5 10. O-O-O b6 11. Bb5 Nb4 12. a3 bxc5 13. Kb1 Nb6 14. f5 d4 15. Bxd4 cxd4 16. Nxd4 Rd8 17. axb4 Qxb4 18. Qf2 Nc4 19. Bxc4 Qxc4 20. f6 Bf8 21. Nb3 Bb7 22. Rhf1 g6 23. g3 Qc7 24. Rxd8 Qxd8 25. Rd1 Qc7 26. Qd4 a5 27. Nc1 Bc6 28. h4 h6 29. Qc4 Qb6 30. Nd3 a4 31. g4 a3 32. b3 Ra5 33. Ka2 Bb7 34. Na4 Qe3 35. Qc7 Qe2 36. Nc3 Qxc2+ 37. Ka1 Rc5 {0-} 0-1

[Event "45th FIDE Olympiad 2024"]
[Site "Budapest"]
[Date "2024.09.18"]
[Round "7.219"]
[White "Teerapabpaisit, Wisuwat"]
[Black "Naser Eldean, Ahmed"]
[Result "1-0"]
[WhiteElo "2070"]
[BlackElo "1981"]
[PlyCount "75"]
[EventDate "2024.09.05"]
[EventType "team-tourn"]
[EventCountry "HUN"]
[WhiteTeam "Thailand"]
[BlackTeam "Libya"]
[WhiteTeamCountry "THA"]
[BlackTeamCountry "LBY"]
[TimeControl "40/5400+30:1800+30"]

1. e4 e6 2. d4 d5 3. Nd2 Nc6 4. Ngf3 Nf6 5. e5 Nd7 6. Nb3 f6 7. Bb5 fxe5 8. dxe5 Nc5 9. Ng5 Nxb3 10. axb3 Bd7 11. Bxc6 bxc6 12. Qg4 Qe7 13. c3 c5 14. Nxh7 Qf7 15. Ng5 Qg6 16. h4 Be7 17. h5 Qf5 18. Qe2 Bxg5 19. g4 Qg6 20. f4 Bxf4 21. Bxf4 Qe4 22. Qxe4 dxe4 23. Be3 O-O 24. Bxc5 Rf4 25. Rg1 a6 26. c4 Bc6 27. Ke2 e3 28. Bxe3 Re4 29. Ra5 Rb8 30. Rxa6 Rxb3 31. Rxc6 Rexe3+ 32. Kd2 Rxe5 33. Rxc7 Rxb2+ 34. Kc3 Ree2 35. g5 Rb8 36. h6 g6 37. Rf1 Rf8 38. Rg7+ 1-0

[Event "45th FIDE Olympiad 2024"]
[Site "Budapest"]
[Date "2024.09.18"]
[Round "7.220"]
[White "Elshaafi, Ali"]
[Black "Arunnuntapanich, Tinnakrit"]
[Result "0-1"]
[WhiteElo "1984"]
[BlackElo "2064"]
[PlyCount "152"]
[EventDate "2024.09.05"]
[EventType "team-tourn"]
[EventCountry "HUN"]
[WhiteTeam "Libya"]
[BlackTeam "Thailand"]
[WhiteTeamCountry "LBY"]
[BlackTeamCountry "THA"]
[TimeControl "40/5400+30:1800+30"]

1. e4 c5 2. Nf3 e6 3. d4 cxd4 4. Nxd4 Nf6 5. Nc3 Nc6 6. Nxc6 bxc6 7. e5 Nd5 8. Ne4 Qc7 9. f4 Qb6 10. c4 Ne3 11. Qd3 Bb4+ 12. Bd2 Ba6 13. Bxb4 Qxb4+ 14. Kf2 Qxb2+ 15. Be2 Nxc4 16. Rab1 Nxe5 17. fxe5 Qxe5 18. Qxa6 Qxe4 19. Rhd1 O-O 20. Rb7 Qf5+ 21. Kg1 Qc5+ 22. Kh1 d5 23. Rc7 Rab8 24. Rxc6 Qe3 25. Qd3 Qe5 26. Rdc1 g6 27. h3 Rb2 28. R6c2 Rfb8 29. Bf3 Kg7 30. Qe2 Qxe2 31. Bxe2 e5 32. Kg1 e4 33. Kf1 d4 34. Rxb2 Rxb2 35. Bc4 d3 36. Rd1 h5 37. a4 f5 38. Bxd3 exd3 39. Rxd3 Rb7 40. Rd6 Kh6 41. Kf2 h4 42. Kf3 Kh5 43. Rd5 Kg5 44. Rc5 Rb3+ 45. Kf2 Ra3 46. Rc4 Ra2+ 47. Kf3 a5 48. Rd4 Kh5 49. Rf4 Ra3+ 50. Kf2 Rc3 51. Rd4 Rc5 52. Kf3 Kg5 53. Kf2 Re5 54. Kf3 Kh5 55. Rf4 Rc5 56. Rd4 g5 57. Kf2 Rc2+ 58. Kf1 Rc5 59. Kf2 g4 60. hxg4+ fxg4 61. Rd2 g3+ 62. Kf3 Rf5+ 63. Ke3 h3 64. gxh3 Kh4 65. Rd8 Kxh3 66. Rh8+ Kg2 67. Ke4 Rc5 68. Rd8 Rc4+ 69. Ke3 Rxa4 70. Rd2+ Kh3 71. Rd8 Ra3+ 72. Kf4 Kh2 73. Rh8+ Kg1 74. Rc8 g2 75. Rc1+ Kh2 76. Rc2 Kh1 {0-} 0-1

[Event "45th FIDE Olympiad 2024"]
[Site "Budapest"]
[Date "2024.09.18"]
[Round "7.221"]
[White "Mehrad, Ahmad Tamim"]
[Black "Sanchez Alvarez, Roberto Carlos"]
[Result "0-1"]
[WhiteElo "2015"]
[BlackElo "2376"]
[PlyCount "50"]
[EventDate "2024.09.05"]
[EventType "team-tourn"]
[EventCountry "HUN"]
[WhiteTeam "Afghanistan"]
[BlackTeam "Panama"]
[WhiteTeamCountry "AFG"]
[BlackTeamCountry "PAN"]
[TimeControl "40/5400+30:1800+30"]

1. Nf3 c5 2. c4 Nc6 3. d4 cxd4 4. Nxd4 Nf6 5. Nc3 e6 6. e3 d5 7. a3 Bd6 8. Be2 O-O 9. cxd5 exd5 10. Bf3 Re8 11. Nxd5 Nxd5 12. Bxd5 Qa5+ 13. b4 Qxd5 14. O-O Nxd4 15. exd4 Bd7 16. Bb2 Re6 17. Qd2 Rae8 18. Rae1 Bf4 19. Qc3 Bc6 20. f3 Re2 21. Rxe2 Rxe2 22. Bc1 Bxh2+ 23. Kxh2 Qd6+ 24. Kh3 Bd7+ 25. Kh4 Qh2+ {0-} 0-1

[Event "45th FIDE Olympiad 2024"]
[Site "Budapest"]
[Date "2024.09.18"]
[Round "7.222"]
[White "Delgado Rosas, Alex Antonio"]
[Black "Haidary, Hameedullah"]
[Result "1-0"]
[WhiteElo "2157"]
[BlackElo "2192"]
[PlyCount "139"]
[EventDate "2024.09.05"]
[EventType "team-tourn"]
[EventCountry "HUN"]
[WhiteTeam "Panama"]
[BlackTeam "Afghanistan"]
[WhiteTeamCountry "PAN"]
[BlackTeamCountry "AFG"]
[TimeControl "40/5400+30:1800+30"]

1. d4 Nf6 2. Bf4 g6 3. Nc3 d5 4. e3 Bg7 5. Nb5 Na6 6. Nc3 Nb8 7. h4 h6 8. Nf3 Bg4 9. Qd2 c6 10. Ne5 Bf5 11. f3 h5 12. O-O-O Nbd7 13. Bd3 Be6 14. Rdg1 Qa5 15. g4 Nxe5 16. Bxe5 O-O-O 17. Kb1 Rh7 18. Qd1 Ne8 19. Bxg7 Nxg7 20. Ne2 Rdh8 21. g5 Rd8 22. c3 Rhh8 23. Ng3 c5 24. Re1 Rhe8 25. Qc1 Kb8 26. Rhf1 Rc8 27. Rf2 Red8 28. f4 Qc7 29. Rg1 Qd7 30. dxc5 Rxc5 31. Qc2 Bf5 32. Bxf5 gxf5 33. Qd3 Rc4 34. Rd2 e6 35. Qe2 Rcc8 36. Rh1 Rh8 37. c4 Rc5 38. Rhd1 Qc6 39. cxd5 exd5 40. Rc2 Rxc2 41. Qxc2 Qxc2+ 42. Kxc2 Rd8 43. Kd3 Kc7 44. Rc1+ Kd6 45. b4 a6 46. a4 Ra8 47. a5 Rb8 48. Rb1 b5 49. axb6 Rxb6 50. Ra1 Kd7 51. Ra5 Ke6 52. Ne2 Ke7 53. Nc3 Ke6 54. Nxd5 Rd6 55. Kc4 Rc6+ 56. Rc5 Kd6 57. Rxc6+ Kxc6 58. Nf6 Kd6 59. Kb3 Kc6 60. Ka4 Kb6 61. Nd7+ Kc6 62. Ne5+ Kd5 63. Ka5 Ke4 64. Kxa6 Kxe3 65. b5 Kxf4 66. Nxf7 Ke4 67. b6 Ne6 68. g6 f4 69. g7 Nxg7 70. b7 1-0

[Event "45th FIDE Olympiad 2024"]
[Site "Budapest"]
[Date "2024.09.18"]
[Round "7.223"]
[White "Kanz, Ahmad Safy"]
[Black "Mendez Machado, Andre"]
[Result "1-0"]
[WhiteElo "1977"]
[BlackElo "2122"]
[PlyCount "98"]
[EventDate "2024.09.05"]
[EventType "team-tourn"]
[EventCountry "HUN"]
[WhiteTeam "Afghanistan"]
[BlackTeam "Panama"]
[WhiteTeamCountry "AFG"]
[BlackTeamCountry "PAN"]
[TimeControl "40/5400+30:1800+30"]

1. c4 e5 2. Nc3 Nf6 3. Nf3 Nc6 4. e4 Bb4 5. d3 d6 6. a3 Bc5 7. b4 Bb6 8. Na4 Bg4 9. Nxb6 axb6 10. Bb2 O-O 11. h3 Bxf3 12. Qxf3 Nd7 13. Qe3 Qf6 14. Be2 Nd4 15. Bd1 c5 16. O-O Qe7 17. Rb1 Ra7 18. Kh2 b5 19. f4 bxc4 20. dxc4 Re8 21. f5 f6 22. b5 Nb6 23. Qd3 Qf7 24. Rc1 Rea8 25. g4 Kh8 26. h4 Na4 27. Ba1 Nb6 28. Bb2 Qe7 29. Rg1 Na4 30. Bxa4 Rxa4 31. Rc3 Re8 32. Qd1 Raa8 33. g5 d5 34. cxd5 Nxb5 35. Rcg3 Nd6 36. Qh5 Nxe4 37. g6 h6 38. R3g2 Kg8 39. Bc1 Ra4 40. Bxh6 gxh6 41. g7 Ng5 42. hxg5 fxg5 43. f6 Qf7 44. Rxg5 Qxh5+ 45. Rxh5 Rxa3 46. Rxe5 Ra2+ 47. Kh1 Raa8 48. Re7 Rxe7 49. fxe7 Kf7 1-0

[Event "45th FIDE Olympiad 2024"]
[Site "Budapest"]
[Date "2024.09.18"]
[Round "7.224"]
[White "Schnell, Sebastian Narayana"]
[Black "Abdul Khaliq, Wais"]
[Result "1-0"]
[WhiteElo "2059"]
[BlackElo "1968"]
[PlyCount "87"]
[EventDate "2024.09.05"]
[EventType "team-tourn"]
[EventCountry "HUN"]
[WhiteTeam "Panama"]
[BlackTeam "Afghanistan"]
[WhiteTeamCountry "PAN"]
[BlackTeamCountry "AFG"]
[TimeControl "40/5400+30:1800+30"]

1. d4 e6 2. Nf3 b5 3. g3 Bb7 4. Bg2 c5 5. c3 Nf6 6. O-O Qb6 7. Nbd2 cxd4 8. cxd4 Nc6 9. Nb3 Be7 10. Re1 Ne4 11. Nfd2 Nxd2 12. Bxd2 h5 13. e4 Nxd4 14. Be3 e5 15. Nxd4 exd4 16. Bxd4 Qg6 17. Qd3 Bc6 18. h4 d5 19. Rad1 dxe4 20. Bxe4 Bxe4 21. Qxe4 Qxe4 22. Rxe4 Rd8 23. Rde1 O-O 24. Bxg7 Kxg7 25. Rxe7 a6 26. R1e6 a5 27. Ra6 Rd2 28. Rxa5 Rxb2 29. Re5 b4 30. Rg5+ Kf6 31. Ra6+ Ke7 32. Re5+ Kd7 33. Rxh5 Rc8 34. Rb5 Rcc2 35. Rb7+ Kc8 36. Rxf7 Rxa2 37. Rg6 Rc7 38. Rf8+ Kb7 39. Rf4 Rb2 40. h5 b3 41. Rb4+ Kc8 42. Rg8+ Kd7 43. Rg7+ Kd6 44. Rxc7 1-0

[Event "45th FIDE Olympiad 2024"]
[Site "Budapest"]
[Date "2024.09.18"]
[Round "7.225"]
[White "Duran Vega, Sergio"]
[Black "Paiva, Donaldo"]
[Result "1-0"]
[WhiteElo "2308"]
[BlackElo "2139"]
[PlyCount "81"]
[EventDate "2024.09.05"]
[EventType "team-tourn"]
[EventCountry "HUN"]
[WhiteTeam "Costa Rica"]
[BlackTeam "Mozambique"]
[WhiteTeamCountry "CRI"]
[BlackTeamCountry "MOZ"]
[TimeControl "40/5400+30:1800+30"]

1. d4 Nf6 2. c4 e6 3. g3 d5 4. Bg2 dxc4 5. Nf3 c5 6. O-O Nc6 7. Qa4 Bd7 8. Qxc4 b5 9. Qd3 c4 10. Qc2 Rc8 11. e4 Be7 12. Rd1 O-O 13. Qe2 Re8 14. Bf4 Qb6 15. Nc3 b4 16. Na4 Nxd4 17. Nxd4 Bxa4 18. b3 Bc5 19. Be3 e5 20. Nf5 cxb3 21. axb3 Bxe3 22. Rxa4 Bd4 23. Ra6 Rc2 24. Qxc2 Qxa6 25. Nxd4 exd4 26. Rxd4 Qb6 27. Qd2 a5 28. h3 h5 29. Kh1 Qe6 30. Qe3 g6 31. Qg5 Qb6 32. Qd2 Qe6 33. Rc4 Nd7 34. Qe3 Rb8 35. Qa7 Rb5 36. Qc7 Qe7 37. Rd4 Rc5 38. Qxd7 Rc1+ 39. Kh2 Qc5 40. Qe8+ Kg7 41. Rd8 1-0

[Event "45th FIDE Olympiad 2024"]
[Site "Budapest"]
[Date "2024.09.18"]
[Round "7.226"]
[White "Andrade, Ivan"]
[Black "Valdes Romero, Leonardo"]
[Result "1-0"]
[WhiteElo "2132"]
[BlackElo "2347"]
[PlyCount "93"]
[EventDate "2024.09.05"]
[EventType "team-tourn"]
[EventCountry "HUN"]
[WhiteTeam "Mozambique"]
[BlackTeam "Costa Rica"]
[WhiteTeamCountry "MOZ"]
[BlackTeamCountry "CRI"]
[TimeControl "40/5400+30:1800+30"]

1. e4 d6 2. d4 Nf6 3. f3 g6 4. c4 Bg7 5. Nc3 O-O 6. Be3 b6 7. Qd2 c5 8. Nge2 Ba6 9. Nb5 Bxb5 10. cxb5 a6 11. Nc3 Nfd7 12. Be2 axb5 13. Nxb5 Nc6 14. d5 Na7 15. g4 Nxb5 16. Bxb5 Ne5 17. O-O e6 18. h3 exd5 19. Qxd5 g5 20. a4 Qe7 21. Rad1 Rfd8 22. b3 h6 23. f4 gxf4 24. Bxf4 Qe6 25. Bg3 Ra7 26. Bh4 Rf8 27. Kg2 Qg6 28. Rf5 Qe6 29. Qxe6 fxe6 30. Rxf8+ Bxf8 31. Bd8 Rb7 32. Ba6 Rb8 33. Bc7 Ra8 34. Bb5 Rc8 35. Bxb6 c4 36. bxc4 Nxc4 37. Bd7 Rb8 38. Bxe6+ Kh7 39. Bd4 Ne5 40. a5 Rb4 41. a6 Nc6 42. Bc3 Ra4 43. Rf1 Bg7 44. Rf7 Ne5 45. Bxe5 dxe5 46. a7 Kg6 47. Bd5 1-0

[Event "45th FIDE Olympiad 2024"]
[Site "Budapest"]
[Date "2024.09.18"]
[Round "7.227"]
[White "Jimenez Garcia, Emmanuel"]
[Black "Jamal, Hamid Harmon Gulamo"]
[Result "1-0"]
[WhiteElo "2352"]
[BlackElo "1960"]
[PlyCount "75"]
[EventDate "2024.09.05"]
[EventType "team-tourn"]
[EventCountry "HUN"]
[WhiteTeam "Costa Rica"]
[BlackTeam "Mozambique"]
[WhiteTeamCountry "CRI"]
[BlackTeamCountry "MOZ"]
[TimeControl "40/5400+30:1800+30"]

1. d4 Nf6 2. c4 g6 3. f3 c5 4. d5 Bg7 5. e4 d6 6. Ne2 e6 7. Nec3 O-O 8. Be2 a6 9. a4 exd5 10. cxd5 Re8 11. O-O Nbd7 12. Na3 Ne5 13. f4 Ned7 14. Qc2 Rb8 15. Nc4 Nb6 16. Ne3 Nxe4 17. Nxe4 Bf5 18. Nxf5 gxf5 19. Ng3 Bd4+ 20. Kh1 Nxd5 21. Qxf5 Nf6 22. Bd3 d5 23. Nh5 Ne4 24. Bxe4 dxe4 25. Ra3 Re6 26. Rg3+ Kh8 27. Qxf7 Qe7 28. Qxe7 Rxe7 29. Be3 b5 30. axb5 Rxb5 31. b3 Reb7 32. Bxd4+ cxd4 33. Nf6 Rb8 34. Nxe4 Rxb3 35. Rxb3 Rxb3 36. f5 Re3 37. f6 Kg8 38. f7+ 1-0

[Event "45th FIDE Olympiad 2024"]
[Site "Budapest"]
[Date "2024.09.18"]
[Round "7.228"]
[White "Joao, Farisse"]
[Black "Cabezas Solano, David Alejandro"]
[Result "1/2-1/2"]
[WhiteElo "1851"]
[BlackElo "2248"]
[PlyCount "94"]
[EventDate "2024.09.05"]
[EventType "team-tourn"]
[EventCountry "HUN"]
[WhiteTeam "Mozambique"]
[BlackTeam "Costa Rica"]
[WhiteTeamCountry "MOZ"]
[BlackTeamCountry "CRI"]
[TimeControl "40/5400+30:1800+30"]

1. c4 e6 2. d4 Nf6 3. Nf3 d5 4. Nc3 dxc4 5. e3 a6 6. Bxc4 b5 7. Bd3 Bb7 8. O-O c5 9. dxc5 Bxc5 10. a3 O-O 11. b4 Bb6 12. Bb2 Qe7 13. Qe2 Nbd7 14. Rfd1 e5 15. Bf5 e4 16. Ng5 Rfd8 17. Qc2 Rac8 18. Ngxe4 Bxe4 19. Bxe4 Rxc3 20. Bxh7+ Nxh7 21. Qxc3 Ndf6 22. Rac1 Nf8 23. Rxd8 Qxd8 24. h3 a5 25. Qe5 axb4 26. axb4 Qd2 27. Rc6 Bd8 28. Bc3 Qd1+ 29. Kh2 Qe2 30. Rc8 Ne6 31. Qd6 Qxf2 32. Rxd8+ Nxd8 33. Qxd8+ Kh7 34. Bxf6 gxf6 35. Qd3+ Kg7 36. Qxb5 Qxe3 37. Qc5 Qf4+ 38. Kg1 f5 39. b5 Qe4 40. b6 f4 41. Kf2 Kh7 42. h4 Kh6 43. Qg5+ Kh7 44. Qb5 Qe3+ 45. Kf1 Qc1+ 46. Ke2 Qe3+ 47. Kf1 Qc1+ 1/2-1/2

[Event "45th FIDE Olympiad 2024"]
[Site "Budapest"]
[Date "2024.09.18"]
[Round "7.229"]
[White "Blackman, Justin"]
[Black "Wiedenkeller, Michael"]
[Result "1/2-1/2"]
[WhiteElo "2265"]
[BlackElo "2406"]
[PlyCount "82"]
[EventDate "2024.09.05"]
[EventType "team-tourn"]
[EventCountry "HUN"]
[WhiteTeam "Barbados"]
[BlackTeam "Luxembourg"]
[WhiteTeamCountry "BAR"]
[BlackTeamCountry "LUX"]
[TimeControl "40/5400+30:1800+30"]

1. d4 d5 2. Bf4 Nf6 3. e3 e6 4. Nf3 Bd6 5. Bg3 O-O 6. Nbd2 c5 7. c3 Qc7 8. Bd3 Nbd7 9. O-O e5 10. e4 exd4 11. cxd4 Bxg3 12. hxg3 dxe4 13. Nxe4 Nxe4 14. Bxe4 Nf6 15. Qc2 Bg4 16. dxc5 Nxe4 17. Qxe4 Bxf3 18. gxf3 Qxc5 19. Rac1 Qb6 20. Rc2 Rfe8 21. Qg4 Rad8 22. Rfc1 h6 23. Qf5 Qe6 24. Qxe6 Rxe6 25. Rc8 Rxc8 26. Rxc8+ Kh7 27. Rc7 Rb6 28. b3 Kg6 29. f4 h5 30. Kg2 Kf6 31. Kf3 Ra6 32. Rxb7 Rxa2 33. Ke3 g6 34. Rb4 a6 35. Rb7 Rb2 36. Kf3 Ke6 37. Rb6+ Kf5 38. Rxa6 Rxb3+ 39. Kg2 Rb5 40. Kf3 Rc5 41. Ra3 Rb5 1/2-1/2

[Event "45th FIDE Olympiad 2024"]
[Site "Budapest"]
[Date "2024.09.18"]
[Round "7.230"]
[White "Berend, Fred"]
[Black "Lynch, Kemp"]
[Result "1/2-1/2"]
[WhiteElo "2230"]
[BlackElo "1944"]
[PlyCount "165"]
[EventDate "2024.09.05"]
[EventType "team-tourn"]
[EventCountry "HUN"]
[WhiteTeam "Luxembourg"]
[BlackTeam "Barbados"]
[WhiteTeamCountry "LUX"]
[BlackTeamCountry "BAR"]
[TimeControl "40/5400+30:1800+30"]

1. g3 Nf6 2. Bg2 g6 3. e4 d6 4. d4 Bg7 5. Ne2 O-O 6. h3 e5 7. Be3 Nc6 8. Nbc3 Nd7 9. O-O Nb6 10. b3 Kh8 11. Qd2 f5 12. exf5 Bxf5 13. Rad1 exd4 14. Nxd4 Nxd4 15. Bxd4 Bxd4 16. Qxd4+ Qf6 17. g4 Bd7 18. Bxb7 Rae8 19. Bg2 Qxd4 20. Rxd4 Re5 21. f4 Re3 22. Ne4 Re2 23. Rd2 Rxd2 24. Nxd2 h5 25. gxh5 gxh5 26. Kh2 Bf5 27. c4 Re8 28. Rf2 Kg7 29. Nf3 Kf6 30. Nd4 a5 31. Bf3 h4 32. Bg4 Bd3 33. a4 Re3 34. Nb5 Be4 35. Rb2 Re1 36. Rg2 Bxg2 37. Kxg2 Rb1 38. Nxc7 Rxb3 39. Ne8+ Ke7 40. Ng7 Nxc4 41. Nf5+ Kf6 42. Nxh4 Ne3+ 43. Kf2 d5 44. Nf3 Ra3 45. Bd7 Nf5 46. h4 Ra2+ 47. Ke1 Ra3 48. Kf2 Ra2+ 49. Ke1 d4 50. Bxf5 Kxf5 51. Nxd4+ Kxf4 52. Kd1 Rxa4 53. Nb3 Ra2 54. Kc1 Ke3 55. Kb1 Ra4 56. Kb2 Rb4 57. Ka3 Rxh4 58. Nxa5 Kd3 59. Kb3 Rh5 60. Kb4 Kd4 61. Nb3+ Kd5 62. Kc3 Kc6 63. Kc4 Rh4+ 64. Nd4+ Kd6 65. Kd3 Kd5 66. Nf3 Ra4 67. Ke3 Rb4 68. Nd2 Ra4 69. Nf3 Rg4 70. Kd3 Rg3 71. Ke3 Rh3 72. Kf4 Rh8 73. Ke3 Rf8 74. Nd2 Ra8 75. Nf3 Ra3+ 76. Kf4 Rd3 77. Ng5 Rd4+ 78. Ke3 Rc4 79. Nf3 Rc3+ 80. Kf4 Ke6 81. Nd4+ Kd5 82. Nf3 Rxf3+ 83. Kxf3 1/2-1/2

[Event "45th FIDE Olympiad 2024"]
[Site "Budapest"]
[Date "2024.09.18"]
[Round "7.231"]
[White "Corbin, Philip"]
[Black "Berend, Elvira"]
[Result "0-1"]
[WhiteElo "1916"]
[BlackElo "2219"]
[PlyCount "80"]
[EventDate "2024.09.05"]
[EventType "team-tourn"]
[EventCountry "HUN"]
[WhiteTeam "Barbados"]
[BlackTeam "Luxembourg"]
[WhiteTeamCountry "BAR"]
[BlackTeamCountry "LUX"]
[TimeControl "40/5400+30:1800+30"]

1. e4 c5 2. d4 cxd4 3. c3 Nf6 4. e5 Nd5 5. Nf3 e6 6. cxd4 d6 7. Bc4 Be7 8. O-O O-O 9. Nbd2 b6 10. Ne4 Bb7 11. Bd3 dxe5 12. Nxe5 Nd7 13. Nxd7 Qxd7 14. Qh5 f5 15. Ng5 Bxg5 16. Bxg5 h6 17. Bd2 Rf6 18. Rad1 Qa4 19. Bb1 Qb5 20. Bc1 Rc8 21. Rfe1 Rxc1 22. Rxc1 Nf4 23. Qd1 Nh3+ 24. gxh3 Rg6+ 25. Qg4 Rxg4+ 26. hxg4 Qd5 27. Kf1 Qg2+ 28. Ke2 Qxg4+ 29. Kd3 Qf3+ 30. Kc4 Bd5+ 31. Kb5 Qxf2 32. b3 Qd2 33. b4 Qxd4 34. Rc8+ Kh7 35. Rec1 Qb2 36. Ka4 a5 37. a3 Qb3+ 38. Kb5 Qxa3 39. R8c7 Qxb4+ 40. Ka6 a4 {0-} 0-1